[Event "Kvibergspelen 2018"]
[Site "Prioritet Serneke Arena, Krutvagen 2, Gothenburg, Sweden"]
[Date "2018.04.21"]
[Round "3.4"]
[White "Bjorklund, Thomas"]
[Black "Tikkanen, Hans"]
[Result "1/2-1/2"]
[TimeControl "15 minutes + 5 seconds per move from move one (Round 1 - 4) / 90 minutes + 30 seconds per move from move one (Round 5 - 8)"]
[BlackTitle "GM"]
[WhiteFideId "1724576"]
[BlackFideId "1706446"]
[WhiteElo "2156"]
[BlackElo "2486"]

1. e4 c6 2. d4 d5 3. exd5 cxd5 4. Nf3 Nc6 5. Be2 Nf6 6. O-O Bg4 7. Re1 e6 8.
c3 Bd6 9. h3 Bh5 10. Nbd2 Qc7 11. Nh4 Bxe2 12. Qxe2 O-O-O 13. a4 g5 14. Nhf3 g4 15. hxg4 Nxg4 16. b4 Rdg8 17. a5 Ne7 18.
b5 Qd7 19. c4 dxc4 20. Nxc4 Nd5 21. Nxd6+ Qxd6 22. Ba3 Qf4 23. Qe4 Qxe4 24. Rxe4 1/2-1/2

[Event "Kvibergspelen 2018"]
[Site "Prioritet Serneke Arena, Krutvagen 2, Gothenburg, Sweden"]
[Date "2018.04.21"]
[Round "3.5"]
[White "Brynell, Stellan"]
[Black "Subramanian, Aditya"]
[Result "1-0"]
[TimeControl "15 minutes + 5 seconds per move from move one (Round 1 - 4) / 90 minutes + 30 seconds per move from move one (Round 5 - 8)"]
[WhiteTitle "GM"]
[WhiteFideId "1700219"]
[BlackFideId "1718924"]
[WhiteElo "2420"]
[BlackElo "2128"]

1. d4 Nf6 2. Nf3 d5 3. c4 e6 4. g3 Be7 5. Bg2 O-O 6. O-O dxc4 7. Qc2 a6 8. Qxc4 b5 9. Qc2 Bb7 10.
Bf4 Nc6 11. Rd1 Nb4 12. Qc1 Nbd5 13. Nbd2 Rc8 14. Nb3 Nxf4 15. gxf4 c5 16. dxc5 Qc7 17. Ne5 Bxg2 18. Kxg2 Bxc5 19. Nxc5 Qxc5 20. Qxc5 Rxc5 21.
Rac1 Rxc1 22. Rxc1 Nd5 23. Kf3 f6 24. Nd3 Kf7 25. Rc6 Ra8 26. Nc5 Re8 27. Rxa6 Rc8 28. Ra7+ Ne7 29. Nd3 Rd8 30. Rb7 Rd5 31.
Rc7 Rh5 32. Rc5 Rxh2 33. Rxb5 h5 34. Rb7 g5 35. fxg5 fxg5 36. Nc5 Rh4 37. e3 Rc4 38. Ne4 g4+ 39. Kf4 Rc2 40. Kg5 g3 41. fxg3 Re2 42. Kf4 Kf8 43.
Kf3 Rc2 44. Ng5 Rc6 45. b4 Ra6 46. b5 Rxa2 47. Nxe6+ Kf7 48. Nf4 Rh2 49. Nd5 1-0

[Event "Kvibergspelen 2018"]
[Site "Prioritet Serneke Arena, Krutvagen 2, Gothenburg, Sweden"]
[Date "2018.04.21"]
[Round "3.6"]
[White "Ernst, Thomas"]
[Black "Bengtsson, Siv"]
[Result "1-0"]
[TimeControl "15 minutes + 5 seconds per move from move one (Round 1 - 4) / 90 minutes + 30 seconds per move from move one (Round 5 - 8)"]
[WhiteTitle "GM"]
[WhiteFideId "1700065"]
[BlackFideId "1701673"]
[WhiteElo "2366"]
[BlackElo "2125"]

1. e4 c5 2. Nf3 Nc6 3. d4 cxd4 4. Nxd4 Nf6 5. Nc3 e5 6. Ndb5 d6 7. Bg5 a6 8. Na3 b5 9. Bxf6 gxf6 10.
Nd5 f5 11. Bd3 Be6 12. O-O Bg7 13. Qh5 f4 14. c4 b4 15. Nc2 Rb8 16. b3 O-O 17. g3 a5 18. Rae1 h6 19. gxf4 exf4 20.
Nxf4 Ne5 21. Be2 Qf6 22. Nxe6 fxe6 23. f4 Qg6+ 24. Qxg6 Nxg6 25. f5 exf5 26. exf5 Ne5 27. Ne3 Bf6 28.
Nd5 Bh4 29. Rd1 Kh8 30. Rd4 Bf6 31. Re4 Rb7 32. c5 Rd7 33. cxd6 Nc6 34. Re6 Bd4+ 35. Kh1 Bc5 36. Rxh6 Kg7 37.
Rg6+ Kh7 38. Nf6 Rxf6 39. Rxf6 Nd4 40. Bc4 Bxd6 41. Rd1 Be5 42. Re6 Bh8 43. f6 1-0

[Event "Kvibergspelen 2018"]
[Site "Prioritet Serneke Arena, Krutvagen 2, Gothenburg, Sweden"]
[Date "2018.04.21"]
[Round "3.7"]
[White "Seo, Jung Min"]
[Black "Strom, Leif"]
[Result "1/2-1/2"]
[TimeControl "15 minutes + 5 seconds per move from move one (Round 1 - 4) / 90 minutes + 30 seconds per move from move one (Round 5 - 8)"]
[WhiteTitle "FM"]
[WhiteFideId "1734687"]
[BlackFideId "1709410"]
[WhiteElo "2349"]
[BlackElo "2111"]

1. e4 e5 2. Nf3 f5 3.
d4 fxe4 4. Nxe5 Nf6 5. Be2 d6 6. Nc4 Be7 7. O-O O-O 8. Nc3 d5 9.
Ne5 c6 10. f3 Bb4 11. Bg5 Bxc3 12. bxc3 exf3 13. Bxf3 Nbd7 14. c4 Nxe5 15. dxe5 Qb6+ 16. Kh1 Ne4 17. Bxe4 Rxf1 18. Qxf1 dxe4 19. Qe2 Bf5 20. Rf1 Rf8 21.
Be7 Rf7 22. Bd6 Qd4 23. Rd1 Qc3 24. h3 h6 25. Kh2 Be6 26. Qxe4 Qxc4 27. Qxc4 Bxc4 28. Re1 Be6 29. Kg3 Rf5 30.
a4 Kf7 31. a5 b6 32. a6 Bc4 33. Ra1 Ke6 34. Rb1 Bxa6 35. Ra1 Bf1 36. Rxa7 Rg5+ 37. Kf2 Bxg2 38. h4 Rg6 39. c4 b5 40. Re7+ Kf5 41. Rf7+ Ke6 42. Re7+ Kf5 43. Rf7+ Ke6 44. Re7+ Kf5 1/2-1/2

[Event "Kvibergspelen 2018"]
[Site "Prioritet Serneke Arena, Krutvagen 2, Gothenburg, Sweden"]
[Date "2018.04.21"]
[Round "3.8"]
[White "Al Waeli, Laith"]
[Black "Pantzar, Milton"]
[Result "0-1"]
[TimeControl "15 minutes + 5 seconds per move from move one (Round 1 - 4) / 90 minutes + 30 seconds per move from move one (Round 5 - 8)"]
[WhiteTitle "FM"]
[BlackTitle "FM"]
[WhiteFideId "4801059"]
[BlackFideId "1721003"]
[WhiteElo "2109"]
[BlackElo "2295"]

1. Nf3 b6 2. g3 Bb7 3. d4 Nf6 4. Bg2 g6 5. O-O Bg7 6. c4 e6 7. Nc3 O-O 8. d5 exd5 9. cxd5 Re8 10.
Nd4 c5 11. dxc6 dxc6 12. Ndb5 Qe7 13. Na3 Na6 14. Qa4 Nc5 15. Qh4 Nfe4 16. Nxe4 Qxh4 17. gxh4 Nxe4 18. Nc4 Ba6 19. Nd2 Nxd2 20. Bxd2 Rxe2 21. Rfd1 Bxb2 22.
Rab1 Bd4 23. Be1 Bc5 24. Bf1 Rxa2 25. Bg2 Rc8 26. h5 gxh5 27. Bh3 Re8 28. Ra1 Bc4 29. Rxa2 Bxa2 30. Kg2 Bd5+ 31. f3 Re2+ 32. Kf1 Rxh2 33.
Bg2 Bc4+ 0-1

[Event "Kvibergspelen 2018"]
[Site "Prioritet Serneke Arena, Krutvagen 2, Gothenburg, Sweden"]
[Date "2018.04.21"]
[Round "3.9"]
[White "Eriksson, Lennarth"]
[Black "Sorensen, Hampus"]
[Result "0-1"]
[TimeControl "15 minutes + 5 seconds per move from move one (Round 1 - 4) / 90 minutes + 30 seconds per move from move one (Round 5 - 8)"]
[WhiteFideId "1707736"]
[BlackFideId "8703884"]
[WhiteElo "2098"]
[BlackElo "2243"]

1. Nf3 d5 2. c4 c6 3. b3 Nf6 4. Bb2 e6 5. e3 Bd6 6. Be2 Nbd7 7. cxd5 exd5 8. Qc2 O-O 9. O-O Qe7 10.
Nc3 Ne5 11. Nxe5 Qxe5 12. f4 Qe7 13. Bd3 h6 14. Rae1 Qd8 15. Bf5 Re8 16. Ne2 Ne4 17. Bxc8 Rxc8 18. d3 Nf6 19. Nd4 Bf8 20.
Rf3 c5 21. Nf5 g6 22. Rg3 Kh7 23. Nh4 Nh5 24. Rg4 f5 25. Rxg6 Qxh4 26. Qc3 Kxg6 27. g3 Qf6 28. Qc2 Qb6 29.
h3 c4 30. bxc4 Rxe3 0-1

[Event "Kvibergspelen 2018"]
[Site "Prioritet Serneke Arena, Krutvagen 2, Gothenburg, Sweden"]
[Date "2018.04.21"]
[Round "3.10"]
[White "Naslund, Mikael"]
[Black "Svorono, Gabriel"]
[Result "1/2-1/2"]
[TimeControl "15 minutes + 5 seconds per move from move one (Round 1 - 4) / 90 minutes + 30 seconds per move from move one (Round 5 - 8)"]
[WhiteTitle "FM"]
[WhiteFideId "1708260"]
[BlackFideId "1715623"]
[WhiteElo "2224"]
[BlackElo "2089"]

1. d4 d5 2. c4 c6 3. Nf3 Nf6 4. Nc3 dxc4 5. a4 Bf5 6. Nh4 Bc8 7. e3 e5 8. Bxc4 exd4 9. exd4 Be7 10.
Nf3 O-O 11. O-O a5 12. Re1 Bg4 13. d5 Bb4 14. h3 Bh5 15. g4 cxd5 16. Bb3 Bg6 17. Bg5 Qd6 18. Bxf6 Qxf6 19. Nxd5 Qd6 20.
Ne7+ Kh8 21. Qxd6 Bxd6 22. Ng5 Bxe7 23. Rxe7 Nc6 24. Nxf7 Bxf7 25. Rxf7 Ne5 26. Rxf8 Rxf8 27. Bd5 b6 28.
Kg2 Nd3 29. Bf3 Nxb2 30. Be2 Rf4 31. Bb5 g5 32. Rb1 Nxa4
33. Bxa4 Rxa4 34. Rxb6 1/2-1/2

[Event "Kvibergspelen 2018"]
[Site "Prioritet Serneke Arena, Krutvagen 2, Gothenburg, Sweden"]
[Date "2018.04.21"]
[Round "3.11"]
[White "Jonsson, Krister"]
[Black "Nilsson, Anders"]
[Result "0-1"]
[TimeControl "15 minutes + 5 seconds per move from move one (Round 1 - 4) / 90 minutes + 30 seconds per move from move one (Round 5 - 8)"]
[BlackTitle "CM"]
[WhiteFideId "1708023"]
[BlackFideId "1705423"]
[WhiteElo "2047"]
[BlackElo "2217"]

1. d4 Nf6 2. c4 Nc6 3. Nf3 e6 4. g3 Bb4+ 5. Nbd2 d5 6.
cxd5 exd5 7. Bg2 O-O 8. O-O Re8 9. a3 Bd6 10. b4 Bg4 11. Bb2 Qd7 12. Nb3 b6 13. b5 Ne7 14. a4 a6 15.
Ne5 Qe6 16. Nxg4 Nxg4 17. Qd3 Nf5 18. bxa6 h5 19. e3 h4 20. a5 hxg3 21. hxg3 Qh6 22. Rfe1 Qh2+ 23. Kf1 Nxg3+ 24. fxg3 Qxg3 25.
Re2 Rxe3 0-1

[Event "Kvibergspelen 2018"]
[Site "Prioritet Serneke Arena, Krutvagen 2, Gothenburg, Sweden"]
[Date "2018.04.21"]
[Round "3.12"]
[White "Johansson, Gunnar"]
[Black "Moller, Mikael"]
[Result "1-0"]
[TimeControl "15 minutes + 5 seconds per move from move one (Round 1 - 4) / 90 minutes + 30 seconds per move from move one (Round 5 - 8)"]
[WhiteFideId "1703501"]
[BlackFideId "1738461"]
[WhiteElo "2212"]
[BlackElo "1962"]

1. d4 f5 2. c4 e6 3. g3 Nf6 4. Bg2 Be7 5. Nf3 d6 6. O-O O-O 7. b3 Qe8 8. Nc3 Nbd7 9. e3 Kh8 10.
Re1 Qg6 11. Ba3 c6 12. e4 fxe4 13. Nxe4 Nxe4 14. Rxe4 e5 15. Nxe5 Nxe5 16. dxe5 Qf7 17. Rf4 Qg6 18. exd6 Rxf4 19.
dxe7 1-0

[Event "Kvibergspelen 2018"]
[Site "Prioritet Serneke Arena, Krutvagen 2, Gothenburg, Sweden"]
[Date "2018.04.21"]
[Round "3.13"]
[White "Strom-Engdahl, Alexander"]
[Black "Bellon Lopez, Juan"]
[Result "0-1"]
[TimeControl "15 minutes + 5 seconds per move from move one (Round 1 - 4) / 90 minutes + 30 seconds per move from move one (Round 5 - 8)"]
[BlackTitle "GM"]
[WhiteFideId "1741586"]
[BlackFideId "2200031"]
[WhiteElo "1720"]
[BlackElo "2352"]

1. Nf3 c5 2. g3 Nc6 3.
d4 cxd4 4. Nxd4 g6 5. Bg2 Bg7 6. Nxc6 bxc6 7. O-O Nf6 8. c4 O-O 9. Nc3 Ba6 10. Qa4 Qc8 11. Rd1 e6 12. e4 Ne8 13.
Bf4 f5 14. Rd2 Bxc3 15. bxc3 fxe4 16. Bxe4 d5 17. cxd5 cxd5 18. Bg2 Bc4 19. Re1 Ng7 20. Bh3 a5 21. Bh6 Re8 22. Qd1 Ra6 23. Bxg7 Kxg7 24. Qg4 Qc5 25.
Qd4+ Qxd4 26. cxd4 Rb6 27. Rc2 a4 28. Bf1 Bxf1 29. Kxf1 Re7 30. Rce2 Kf7 31. Re3 Rb4 32. Rd3 Rc7 33.
a3 Rb2 34. Ree3 Rcc2 35. Rf3+ Ke7 36. Kg2 Rd2 37. h4 Rxd3 38. Rxd3 Rb3 39. Re3 Rb2 40. Rd3 Kd6 41. Kf3 h5 42. Ke3 e5 43. dxe5+ Kxe5 44. f4+ Kd6 45. Kd4 Rc2 46. Re3 Ra2 47. Re5 Rxa3 48. Rxd5+ Ke6 49. Rg5 Kf6 50. Kc4 Rf3 51. Kb4 a3 52. Kc4 a2 53. Ra5 Rxg3 54.
Rxa2 Rf3 55. Ra6+ Kf5 56. Ra5+ Kxf4 57. Rg5 Rg3 58. Rd5 Rg4 59. Rd8 Rxh4 60. Kd3 Kg3 61. Ke2 Kg2 62. Rg8 Re4+ 63.
Kd3 Rg4 64. Ke2 h4 65. Rf8 Re4+ 66.
Kd3 Re6 67. Rc8 h3 68. Rc2+ Kg3 69. Kd4 g5 70. Kd5 Re1 71. Kd4 h2 0-1

[Event "Kvibergspelen 2018"]
[Site "Prioritet Serneke Arena, Krutvagen 2, Gothenburg, Sweden"]
[Date "2018.04.21"]
[Round "3.14"]
[White "Dahlstrom, Rickard"]
[Black "Lindberg, Bengt"]
[Result "0-1"]
[TimeControl "15 minutes + 5 seconds per move from move one (Round 1 - 4) / 90 minutes + 30 seconds per move from move one (Round 5 - 8)"]
[BlackTitle "IM"]
[WhiteFideId "1702050"]
[BlackFideId "1700359"]
[WhiteElo "1998"]
[BlackElo "2385"]

1. c4 Nf6 2. Nc3 c5 3. Nf3 e6 4. e4 Nc6 5. d4 cxd4 6. Nxd4 Bb4 7. f3 O-O 8. Be3 d5 9. Nxc6 bxc6 10.
e5 Nd7 11. f4 f6 12. Qh5 fxe5 13. fxe5 Rf5 14. Qh3 Rxe5 15. O-O-O Bxc3 16. bxc3 Nf6 17. Bd4 Re4 18. Bd3 e5 19. Qg3 exd4 20. Bxe4 Nxe4 21. Qe5 Bg4 22. Rxd4 Qf8 23. cxd5 Re8 24. Rxe4 Rxe5 25. Rxe5 Qf4+ 0-1

[Event "Kvibergspelen 2018"]
[Site "Prioritet Serneke Arena, Krutvagen 2, Gothenburg, Sweden"]
[Date "2018.04.21"]
[Round "3.15"]
[White "Ask, Josef"]
[Black "Petersson, Baldur Teodor"]
[Result "1-0"]
[TimeControl "15 minutes + 5 seconds per move from move one (Round 1 - 4) / 90 minutes + 30 seconds per move from move one (Round 5 - 8)"]
[WhiteTitle "FM"]
[BlackTitle "CM"]
[WhiteFideId "1704583"]
[BlackFideId "2309157"]
[WhiteElo "2173"]
[BlackElo "2003"]

1. e4 c5 2. d4 cxd4 3. c3 d3 4. Bxd3 b6 5. c4 Bb7 6.
Nf3 e6 7. O-O Be7 8. Nc3 d6 9. Qe2 Nf6 10. Rd1 Nbd7 11. Bf4 a6 12. Rac1 Qc7 13. Bb1 Ne5 14. b3 O-O 15. Nd4 Rfd8 16.
Bg3 Nc6 17. Nxc6 Bxc6 18. Nd5 exd5 19. cxd5 Bb5 20. Rxc7 Bxe2 21. Re1 Rac8 22. Rxe7 Nh5 23. Rb7 Nxg3 24. hxg3 Bb5 25. Rxb6 Rc3 26.
a4 Be8 27. g4 f6 28. f3 Kf7 29. Kf2 Ke7 30. Re3 Rdc8 31. Bd3 a5 32. Rb7+ Kd8 33. Bc4 Rxe3 34. Kxe3 Bxa4 35. Rxg7 Be8 36.
Kd4 Bg6 37. Ra7 Rc5 38. f4 h5 39. gxh5 Bxh5 40. e5 fxe5+ 41. fxe5 Rc7 42. Rxa5 dxe5+ 43. Kxe5 Rb7 44. d6 Rb8 45. Ra7 Bg4 46. Rg7 Bd7 47.
Rg8+ Be8 48. Bf7 Kd7 49. Bxe8+ 1-0

[Event "Kvibergspelen 2018"]
[Site "Prioritet Serneke Arena, Krutvagen 2, Gothenburg, Sweden"]
[Date "2018.04.21"]
[Round "3.16"]
[White "Kucuksari, Kaan"]
[Black "Torngren, Gustav"]
[Result "1-0"]
[TimeControl "15 minutes + 5 seconds per move from move one (Round 1 - 4) / 90 minutes + 30 seconds per move from move one (Round 5 - 8)"]
[WhiteTitle "FM"]
[WhiteFideId "6380166"]
[BlackFideId "1728970"]
[WhiteElo "2251"]
[BlackElo "1906"]

1. d4 Nf6 2. Nf3 c5 3. d5 e6 4. c4 exd5 5. cxd5 d6 6. Nc3 g6 7. Bf4 Bg7 8. Qa4+ Bd7 9. Qb3 Qc7 10. h3 O-O 11. e3 a6 12. a4 Ra7 13.
Be2 b6 14. Nd2 Rb7 15. Nc4 Ne8 16. O-O f5 17. Rfc1 Rf7 18. Qd1 Bf8 19. b4 Qd8 20. Rab1 Bc8 21. Qd2 Qf6 22. bxc5 bxc5 23.
Na5 Rxb1 24. Rxb1 Nd7 25. Nc6 Bg7 26. Nd1 Rf8 27. e4 Nc7 28. exf5 gxf5 29. Bg5 Qf7 30. Ne3 Kh8 31. Bf3 Re8 32.
Nc4 Bf8 33. Bd8 Nf6 34. Qc3 Kg7 35. Bh5 Qxh5 36. Qxf6+ Kg8 37. Bxc7 Bg7 38. Qxd6 Qe2 39. Ne3 Qd3 40. Rf1 a5 41. Ne7+ Kh8 42. Nc6 Ba6 43. Re1 Qd2 44.
Rb1 Bd3 45. Rd1 Qe2 46. Qd7 Rxe3 47. Qd8 Re8 48. Qxe8 Qxe8 49. Rxd3 Qe4 50. Re3 Qxd5 51. Re8 Bf8 52. Be5 Kg8 53. Ne7+ 1-0

[Event "Kvibergspelen 2018"]
[Site "Prioritet Serneke Arena, Krutvagen 2, Gothenburg, Sweden"]
[Date "2018.04.21"]
[Round "3.17"]
[White "Rasti, Arvin"]
[Black "Cramling, Anna"]
[Result "1-0"]
[TimeControl "15 minutes + 5 seconds per move from move one (Round 1 - 4) / 90 minutes + 30 seconds per move from move one (Round 5 - 8)"]
[BlackTitle "WFM"]
[WhiteFideId "1741160"]
[BlackFideId "32009232"]
[WhiteElo "1920"]
[BlackElo "2168"]

1. d4 d5 2. c4 dxc4 3. e4 c5 4. Nf3 cxd4 5. Qxd4 Bd7 6. Bxc4 e6 7. Nc3 Nc6 8. Qd1 Bb4 9. Bd2 Nf6 10.
Qe2 Ng4 11. O-O Nge5 12. Nxe5 Nxe5 13. Rfd1 Qe7 14. a3 Bc5 15. b4 Bb6 16. Bf4 Nxc4 17. Qxc4 e5 18. Nd5 Qe6 19. Be3 Rc8 20.
Qd3 Bxe3 21. Nxe3 Ba4 22. Nf5 O-O 23. Qg3 g6 24. Rd6 Qe8 25. h3 Rc6 26. Rd3 Kh8 27. Ne3 Qc8 28. Qxe5 f6 29. Qd5 Rc1+ 30. Rxc1 Qxc1+ 31. Kh2 Qc7 32. Qd6 Rc8 33. Qxc7 Rxc7 34. Nd5 Rc2 35. Kg3 Bb5 36. Rd4 f5 37.
exf5 gxf5 38. Nf4 Rc3+ 39. Kh4 Rxa3 40. Kg5 Ra6 41. Rd5 Ba4 42. Rxf5 h6+ 43. Kh5 Be8 44. Kh4 Kg7 45. Re5 Bf7 46.
Re7 Rb6 47. Nd3 Kf6 48. Re4 Bg6 49.
Rf4+ Kg7 50. Ne5 Be8 51. g4 Re6 52. Nd3 Bb5 53. Nc5 Re7 54.
Rd4 b6 55. Ne4 Bc6 56. Nd6 Bf3 57.
Nf5+ 1-0

[Event "Kvibergspelen 2018"]
[Site "Prioritet Serneke Arena, Krutvagen 2, Gothenburg, Sweden"]
[Date "2018.04.21"]
[Round "3.18"]
[White "Kenani, Dariush"]
[Black "Al Hadarani, Hatim"]
[Result "0-1"]
[TimeControl "15 minutes + 5 seconds per move from move one (Round 1 - 4) / 90 minutes + 30 seconds per move from move one (Round 5 - 8)"]
[BlackTitle "FM"]
[WhiteFideId "1707973"]
[BlackFideId "9400273"]
[WhiteElo "1898"]
[BlackElo "2334"]

1. e4 c6 2. Nc3 g6 3. Bc4 e6 4. Bb3 d5 5. d4 Nf6 6. e5 Nfd7 7. Nce2 c5 8. c3 Nc6 9. f4 cxd4 10.
Nxd4 Nxd4 11. cxd4 Nb8 12. Nf3 Bd7 13. O-O Bb5 14. Rf2 a5 15. Ba4 Qd7 16. Bxb5 Qxb5 17. Be3 Nc6 18. Ne1 Be7 19.
g3 a4 20. Kg2 Na5 21. Rc2 O-O 22. Nf3 Nc6 23. Bd2 f6 24. h4 fxe5 25. dxe5 d4 26. Be1 Rad8 27. Rb1 Qd5 28. Qd3 Qxa2 29.
Rbc1 Qd5 30. Rc4 Ra8 31. Kf2 a3 32. b3 a2 33. Ra1 Ra6 34. b4 b5 35. Rc2 Rd8 36. Rb2 Rda8 37. Rb3 Ra4 38.
Bd2 Rd8 39. Ne1 Bxb4 40. Nc2 Bxd2 41. Qxd2 Qxb3 0-1

[Event "Kvibergspelen 2018"]
[Site "Prioritet Serneke Arena, Krutvagen 2, Gothenburg, Sweden"]
[Date "2018.04.21"]
[Round "3.19"]
[White "Gonzalez, Emilio"]
[Black "Arman, Deniz"]
[Result "1/2-1/2"]
[TimeControl "15 minutes + 5 seconds per move from move one (Round 1 - 4) / 90 minutes + 30 seconds per move from move one (Round 5 - 8)"]
[BlackTitle "FM"]
[WhiteFideId "1721062"]
[BlackFideId "6302106"]
[WhiteElo "1921"]
[BlackElo "2359"]

1. c4 Nf6 2. Nf3 g6 3.
g3 Bg7 4. Bg2 O-O 5. Nc3 d5 6.
cxd5 Nxd5 7. O-O Nc6 8. d4 Nb6 9. Be3 Nc4 10. Qb3 Nxe3 11. fxe3 e6 12. Rad1 Qe7 13. a3 b6 14. Ne5 Nxe5 15.
Bxa8 Ng4 16. Rd3 Ba6 17. Bf3 Bxd3 18. Bxg4 Ba6 19. Qa4 Bb7 20. Bf3 Bxf3 21. exf3 c5 22. Ne2 Qg5 23. f4 Qh5 24.
Qc2 cxd4 25. Nxd4 Bxd4 26. exd4 Qd5 27. Rd1 h5 28. Qc7 Qf3 29. Qc2 h4 30. Qd3 Qg4 31. Kg2 h3+ 32. Kf2 Rc8 33. d5 exd5 34. Qxd5 Rc2+ 35.
Rd2 Qc8 36. Kf3 Rc5 37. Qd8+ Qxd8 38. Rxd8+ Kg7 39. Rd2 f5 40. g4 Kf6 41. g5+ Ke6 42. Kg3 Rc4 43. Rf2 Re4 44. Kxh3 Kd5 45. Kg3 Kc4 46. h4 Re8 47.
h5 Rh8 48. h6 Kb3 49. Re2 a5 50. Kf3 a4 51. Ke3 Re8 52. Kf3 Rh8 53. Re6 b5 54. Rxg6 Kxb2 55. Rg7 Kxa3 56. h7 b4 57. g6 b3 58. Rg8 b2 59.
Rxh8 b1=Q 60. Re8 Qh1 61. Kg3 Qg1 62. Kf3 Qg4 63. Ke3 Qg3 64. Ke2 Qg2+ 65. Kd2 Qd5+ 66. Ke3 Qc5 67. Ke2 Qb5+ 68.
Kf2 Qxe8 69. g7 Qe4 70.
g8=Q Qxf4+ 71. Kg2 Qd2+ 72. Kh3 Qh6 73. Kg2 Qd2+ 74. Kh3 Qh6 1/2-1/2

[Event "Kvibergspelen 2018"]
[Site "Prioritet Serneke Arena, Krutvagen 2, Gothenburg, Sweden"]
[Date "2018.04.21"]
[Round "3.20"]
[White "Rydstrom, Tom"]
[Black "Wellevit, Tomas"]
[Result "1-0"]
[TimeControl "15 minutes + 5 seconds per move from move one (Round 1 - 4) / 90 minutes + 30 seconds per move from move one (Round 5 - 8)"]
[WhiteTitle "FM"]
[WhiteFideId "1714830"]
[BlackFideId "1731963"]
[WhiteElo "2357"]
[BlackElo "1918"]

1. e4 e6 2. d4 d5 3. Nc3
Bb4 4. e5 Ne7 5. a3 Bxc3+ 6. bxc3 O-O 7. Nf3 c5 8. Bd3 c4 9. Bxh7+ Kxh7 10. Ng5 Kg6 11. Qg4 f5 12. Qg3 Qa5 13. Bf4 Rh8 14. Kd2 Nbc6 15. Nxe6+ Kf7 16. Qxg7+ Kxe6 17. Qf6+ Kd7 18. e6+ 1-0

[Event "Kvibergspelen 2018"]
[Site "Prioritet Serneke Arena, Krutvagen 2, Gothenburg, Sweden"]
[Date "2018.04.20"]
[Round "4.1"]
[White "Hector, Jonny"]
[Black "Johansson, Gunnar"]
[Result "1-0"]
[TimeControl "15 minutes + 5 seconds per move from move one (Round 1 - 4) / 90 minutes + 30 seconds per move from move one (Round 5 - 8)"]
[WhiteTitle "GM"]
[WhiteFideId "1700090"]
[BlackFideId "1703501"]
[WhiteElo "2502"]
[BlackElo "2212"]

1. e4 c5 2. Nf3 e6 3. d4 cxd4 4. Nxd4 Nc6 5. Nc3 Qc7 6. Be3 a6 7. Qf3 Nf6 8. O-O-O Ne5 9. Qg3 b5 10.
a3 Bb7 11. Bxb5 axb5 12. Ndxb5 Qb8 13. Bb6 Ng6 14. Nc7+ Ke7 15. Qd6+ Kd8 16. Nxa8+ Kc8 17. Qxb8+ Kxb8 18. Nc7 Be7 19.
N7b5 Rc8 20. Rhe1 1-0

[Event "Kvibergspelen 2018"]
[Site "Prioritet Serneke Arena, Krutvagen 2, Gothenburg, Sweden"]
[Date "2018.04.20"]
[Round "4.2"]
[White "Pantzar, Milton"]
[Black "Blomqvist, Erik"]
[Result "0-1"]
[TimeControl "15 minutes + 5 seconds per move from move one (Round 1 - 4) / 90 minutes + 30 seconds per move from move one (Round 5 - 8)"]
[WhiteTitle "FM"]
[BlackTitle "GM"]
[WhiteFideId "1721003"]
[BlackFideId "1709437"]
[WhiteElo "2295"]
[BlackElo "2494"]

1. Nf3 d5 2. g3 Nf6 3. Bg2 e6 4. O-O Be7 5. b3 O-O 6. Bb2 b6 7. d4 Bb7 8. e3 Nbd7 9. Qe2 c5 10.
Nbd2 a5 11. a4 Qc7 12. c4 Rac8 13. Rac1 Qb8 14. Rfd1 Qa8 15. Ne5 Rfd8 16. cxd5 exd5 17. Bh3 Rc7 18. Nxd7 Nxd7 19. dxc5 bxc5 20.
Bxd7 Rcxd7 21. Qg4 d4 22. e4 Bf8 23. f3 g6 24. Nc4 f5 25. Qf4 Rf7 26. Ne5 Bd6 27. Rxc5 Re7 28. Rb5 Rde8 29.
Bxd4 Bc6 30. Nxc6 Bxf4 31. Nxe7+ Rxe7 32. gxf4 fxe4 33. Be5 Qa7+ 34. Kg2 Qe3 35. fxe4 Qe2+ 0-1

[Event "Kvibergspelen 2018"]
[Site "Prioritet Serneke Arena, Krutvagen 2, Gothenburg, Sweden"]
[Date "2018.04.20"]
[Round "4.3"]
[White "Sorensen, Hampus"]
[Black "Brynell, Stellan"]
[Result "0-1"]
[TimeControl "15 minutes + 5 seconds per move from move one (Round 1 - 4) / 90 minutes + 30 seconds per move from move one (Round 5 - 8)"]
[BlackTitle "GM"]
[WhiteFideId "8703884"]
[BlackFideId "1700219"]
[WhiteElo "2243"]
[BlackElo "2420"]

1. d4 e6 2. c4 Nf6 3. Nf3 c5 4. d5 d6 5. Nc3 exd5 6. cxd5 g6 7. h3 Bg7 8. e4 O-O 9. Bd3 b5 10. Nxb5 Re8 11. O-O Nxe4 12. Re1 a6 13. Nc3 Nxc3 14.
bxc3 Bxc3 15. Rxe8+ Qxe8 16. Rb1 Bg7 17. Bf4 Qd8 18. Qb3 Bf8 19. Qb6 Qxb6 20. Rxb6 Nd7 21. Rc6 Nf6 22. Bxd6 Bd7 23. Rb6 Nxd5 24.
Rb8 Rxb8 25. Bxb8 Bb5 26. Bc2 Nc3 27. a3 c4 28. Be5 Ne2+ 29. Kf1 c3 30. a4 Bc4 31. Ke1 Bb4 32. Nd4 Nxd4 33. Bxd4 f5 34. g3 Kf7 35.
Kd1 Ke6 36. Bh8 Kd5 37. h4 Bf1 38. Ke1 Bg2 39. Kd1 Bf3+ 40. Ke1 Kc4 41. Bg7 Bc5 42. Bf6 Be4 43. Kd1 Bxf2 44. Bxe4 fxe4 45.
Kc2 Bxg3 46. h5 gxh5 47. Bxc3 h4 0-1

[Event "Kvibergspelen 2018"]
[Site "Prioritet Serneke Arena, Krutvagen 2, Gothenburg, Sweden"]
[Date "2018.04.20"]
[Round "4.4"]
[White "Nilsson, Anders"]
[Black "Ernst, Thomas"]
[Result "0-1"]
[TimeControl "15 minutes + 5 seconds per move from move one (Round 1 - 4) / 90 minutes + 30 seconds per move from move one (Round 5 - 8)"]
[WhiteTitle "CM"]
[BlackTitle "GM"]
[WhiteFideId "1705423"]
[BlackFideId "1700065"]
[WhiteElo "2217"]
[BlackElo "2366"]

1. d4 Nf6 2. Nf3 g6 3. Bg5 Bg7 4.
Nbd2 c5 5. c3 cxd4 6. cxd4 d5 7. e3 O-O 8. Bd3 Nc6 9. Rc1 Qb6 10. Qb3 Qxb3 11. Nxb3 a5 12. a3 Ne4 13. Bf4 f6 14. Nfd2 Nxd2 15. Kxd2 e5 16.
Bg3 a4 17. Na1 exd4 18. e4 Bh6+ 19. f4 Be6 20. exd5 Bxd5 21. Bc4 Rfd8 22. Kd3 Bxc4+ 23. Rxc4 Rd5 24. Nc2 Rb5 25. Nb4 Nxb4+ 26. Rxb4 Rxb4 27. axb4 Bf8 28. Kxd4 Bxb4 29. Kc4 Bf8 30. Rd1 Rc8+ 31. Kb5 Rc2 32. Kxa4 Rxb2 33. Rd5 Rxg2 34.
Rb5 Ra2+ 35. Kb3 Ra7 36. Bf2 Ra3+ 37. Kb2 Rf3 38.
Bg3 Bd6 39. Rxb7 Bxf4 40. Be1 Bxh2 0-1